 Seeded DCSS version 0.30.1-11-g7821555f0a (webtiles) character file.

Game seed: 6634567628223944250 (custom seed)

4179 fireball365 the Cleaver (level 10, -1/86 HPs)
             Began as a Hill Orc Fighter on Dec 7, 2023.
             Was an Initiate of Gozag.
             Slain by a polar bear (2 damage)
             ... on level 8 of the Dungeon.
             The game lasted 00:18:06 (7878 turns).

fireball365 the Cleaver (Hill Orc Fighter)          Turns: 7878, Time: 00:18:08

Health: -1/86      AC:  9    Str: 23 (24) XL:     10   Next: 28%
Magic:  10/10      EV: 10    Int:  6 (8)  God:    Gozag
Gold:   505        SH:  7    Dex: 16      Spells: 9/9 levels left

rFire   . . .        a - +0 war axe (spect)
rCold   + . .        c - +1 buckler
rNeg    . . .        q - +0 chain mail
rPois   .            f - +2 hat
rElec   .            j - +2 cloak
rCorr   .            (no gloves)
SInv    .            u - +0 pair of boots
Will    .....        (no amulet)
Stlth   +            x - +6 ring of dexterity
HPRegen 0.34/turn    (no ring)
MPRegen 0.12/turn

%: no passive effects
@: corroded
A: camouflage 1, cold resistance 1, deterioration 2
a: Renounce Religion, Potion Petition, Call Merchant, Bribe Branch


You were on level 8 of the Dungeon.
You worshipped Gozag.
Gozag was pleased with you.
You visited 1 branch of the dungeon, and saw 8 of its levels.

You collected 726 gold pieces.
You spent 101 gold pieces at shops.
You paid 120 gold pieces to Gozag.

Inventory:

Hand Weapons
 a - a +0 spectral war axe (weapon)
 B - a +0 battleaxe
Missiles
 i - 8 boomerangs (quivered)
Armour
 b - a +0 scale mail
 c - a +1 buckler (worn)
 f - a +2 hat (worn)
 j - a +2 cloak (worn)
 q - a +0 chain mail (worn)
 u - a +0 pair of boots (worn)
 C - a +0 plate armour
Jewellery
 o - an amulet of magic regeneration
 x - a +6 ring of dexterity (left hand)
 A - a ring of poison resistance
Wands
 l - a wand of polymorph (22)
 y - a wand of paralysis (4)
Scrolls
 e - 2 scrolls of amnesia
 g - 3 scrolls of identify
 h - 4 scrolls of teleportation
 k - a scroll of immolation
 n - a scroll of enchant armour
 p - 2 scrolls of fear
 r - 2 scrolls of poison
 v - a scroll of blinking
 w - a scroll of butterflies
Potions
 d - 5 potions of might
 m - 2 potions of brilliance
 t - 2 potions of invisibility
 z - a potion of berserk rage {unknown}
 D - a potion of cancellation


   Skills:
 + Level 7.4 Fighting
 + Level 12.3 Axes
 + Level 0.2 Throwing
 + Level 8.2 Armour
 + Level 3.2 Dodging
 + Level 3.0 Stealth
 + Level 6.0 Shields


You had 9 spell levels left.
You didn't know any spells.
Your spell library contained the following spells:

 Spells                   Type           Power      Damage    Failure   Level
 Slow                     Hex            0%         N/A       96%         1
 Sting                    Tmut/Pois      0%         1d3       96%         1
 Cigotuvi's Dreadful Rot  Necr/Pois/Air  0%         N/A       99%         2
 Ensorcelled Hibernation  Hex/Ice        0%         N/A       99%         2
 Passwall                 Tmut/Erth      0%         N/A       99%         2
 Poisonous Vapours        Pois/Air       0%         N/A       99%         2
 Confusing Touch          Hex            0%         N/A       100%        3
 Hailstorm                Conj/Ice       0%         3d3       100%        3
 Portal Projectile        Hex/Tloc       0%         N/A       100%        3
 Swiftness                Air            0%         N/A       100%        3
 Tukima's Dance           Hex            0%         N/A       100%        3
 Vampiric Draining        Necr           0%         2d6       100%        3
 Dispel Undead            Necr           0%         3d6       100%        4
 Ice Form                 Ice/Tmut       0%         N/A       100%        4
 Olgreb's Toxic Radiance  Pois           0%         N/A       100%        4
 Blade Hands              Tmut           0%         N/A       100%        5
 Death Channel            Necr           0%         N/A       100%        6
 Simulacrum               Ice/Necr       Unusable   N/A       N/A         6

Dungeon Overview and Level Annotations

Branches:
Dungeon (8/15)             Temple (0/1) D:4
   Lair: D:8-11

Altars:
Ashenzari
Fedhas
Gozag
Hepliaklqana
Kikubaaqudgha
Makhleb
Qazlal
Ru
Vehumet
The Shining One

Shops:
D:4 =*[(   D:8 (=


Innate Abilities, Weirdness & Mutations

Your skin changes colour to match your surroundings (Stealth+).
Your flesh is cold resistant. (rC+)
Your body often deteriorates upon taking damage.


Message History

The polar bear barely misses you. The polar bear completely misses you.
The polar bear claws you.
* * * LOW HITPOINT WARNING * * *
You slash the polar bear!
The polar bear is heavily wounded.
The polar bear closely misses you. The polar bear barely misses you. x2
The yak is distracted by your dazzling golden aura.
The yak bellows!
You hit the polar bear.
The polar bear is severely wounded.
The white imp is no longer distracted by gold.
The ufetubus is distracted by your dazzling golden aura.
The polar bear bites you but does no damage.
The polar bear claws you but does no damage.
The polar bear barely misses you.
You closely miss the polar bear.
The polar bear is severely wounded.
You block the polar bear's attack. x2; The polar bear barely misses you.
You closely miss the polar bear.
The polar bear is severely wounded.
You block the polar bear's attack.
The polar bear claws you but does no damage.
The polar bear barely misses you.
The ufetubus shouts!
You hit the polar bear.
The polar bear is severely wounded.
The yak is no longer distracted by gold.
The polar bear bites you!
* * * LOW HITPOINT WARNING * * *
Your body deteriorates!
You feel dopey. You block the polar bear's attack.
The polar bear claws you but does no damage.
You barely miss the polar bear.
The polar bear is severely wounded.
The polar bear bites you!
* * * LOW HITPOINT WARNING * * *
Your body deteriorates!
You feel weakened. You block the polar bear's attack. The polar bear claws you.
You die...
Your body crumbles into a pile of gold.

∩..~....# #
..5S....# ##
...~.~..####...
##.
~~.≈≈~.....'...
+.. .~~≈D~$K# #..
.~.~~~5Y# ###
.~~~~~#5# #
~≈≈≈.##h# ######
~≈~~. #@# #...#.
~~.~ #$# #.###.
.~~ #.# #.# #. ...
#.# #########.####
#.# #............#
#.###.##......####
#.....###...#.# #.
####### ##.##.###.
#.##.....


You could see a polar bear, a yak, a white imp, an ufetubus and a kobold.

Vanquished Creatures
  5 yaks
  An acid dragon (D:8)
  2 water moccasins
  A black bear (D:5)
  3 ice beasts
  2 sky beasts (D:7)
  An orc warrior (D:8)
  4 ogres
  4 wolves (D:8)
  A centaur (D:6)
  2 phantoms (D:5)
  2 kobold brigands
  3 bullfrogs
  Blork the orc (D:6)
  3 scorpions
  3 killer bees (D:8)
  2 vampire bats (D:3)
  A crimson imp (D:3)
  2 hounds
  4 orc priests
  2 gnoll boudas
  2 iguanas (D:4)
  2 sleepcaps
  4 orc wizards
  3 centaur simulacra (D:8)
  Robin (D:2)
  7 gnolls
  5 adders
  6 white imps
  5 ufetubi
  2 dart slugs
  A worm (D:3)
  18 orcs
  8 bats
  2 bat skeletons (D:3)
  2 bat zombies (D:3)
  5 endoplasms
  3 giant cockroaches
  17 goblins
  4 hobgoblins
  8 jackals
  11 kobolds
  2 quokkas
  9 ball pythons
  8 frilled lizards
  3 rats
187 creatures vanquished.

Vanquished Creatures (others)
  An orc (D:8)
  A spectral weapon (D:5)
2 creatures vanquished.

Grand Total: 189 creatures vanquished

Notes
Turn   | Place    | Note
-------+----------+-------------------------------------------
     0 | D:1      | fireball365 the Hill Orc Fighter began the quest for the
                  | Orb.
     0 | D:1      | Reached XP level 1. HP: 19/19 MP: 1/1
    22 | D:1      | Reached skill level 3 in Axes
    37 | D:1      | Reached XP level 2. HP: 17/27 MP: 2/2
   388 | D:1      | Reached XP level 3. HP: 27/33 MP: 3/3
  1273 | D:2      | Reached XP level 4. HP: 40/40 MP: 4/4
  1284 | D:2      | Noticed Robin
  1302 | D:2      | Killed Robin
  1337 | D:2      | Reached skill level 1 in Dodging
  1380 | D:2      | Reached skill level 4 in Axes
  1780 | D:3      | Reached XP level 5. HP: 39/46 MP: 5/5
  2034 | D:3      | Found an ancient bone altar of Kikubaaqudgha.
  2042 | D:3      | Reached skill level 5 in Axes
  2042 | D:3      | Reached XP level 6. HP: 52/52 MP: 6/6
  2113 | D:3      | Found a burning altar of Makhleb.
  2114 | D:3      | Found a radiant altar of Vehumet.
  2391 | D:3      | Found a glowing golden altar of the Shining One.
  2508 | D:4      | Found Kyroxoykk's Armour Emporium.
  2531 | D:4      | Found Ixyedoekh's Weapon Emporium.
  2618 | D:4      | Found a blossoming altar of Fedhas.
  2637 | D:4      | Found a staircase to the Ecumenical Temple.
  2720 | D:4      | Found a sacrificial altar of Ru.
  2723 | D:4      | Reached skill level 6 in Axes
  2821 | D:4      | Found Onkoum's Jewellery Shoppe.
  2866 | D:4      | Reached XP level 7. HP: 55/60 MP: 7/7
  3022 | D:4      | Found Zele's Assorted Antiques.
  3026 | D:4      | Bought a scroll labelled CESITW NECSUG for 26 gold pieces
  3026 | D:4      | Bought a fuming white potion for 23 gold pieces
  3028 | D:4      | Bought a scroll of identify for 52 gold pieces
  3060 | D:4      | Found a hazy altar of Hepliaklqana.
  3116 | D:4      | Found a broken altar of Ashenzari.
  3203 | D:4      | Found a stormy altar of Qazlal.
  3273 | D:5      | Entered Level 5 of the Dungeon
  3637 | D:5      | Reached skill level 7 in Axes
  3637 | D:5      | Reached skill level 5 in Armour
  3652 | D:5      | Reached skill level 5 in Fighting
  3936 | D:5      | Reached XP level 8. HP: 58/68 MP: 8/8
  4282 | D:6      | Noticed Blork the orc
  4301 | D:6      | Killed Blork the orc
  4302 | D:6      | Reached skill level 8 in Axes
  4349 | D:6      | Gained mutation: Your flesh is cold resistant. (rC+)
                  | [potion of mutation]
  4349 | D:6      | Gained mutation: You have hidden genetic defects. [potion
                  | of mutation]
  4349 | D:6      | Gained mutation: Your skin changes colour to match your
                  | surroundings (Stealth+). [potion of mutation]
  4829 | D:5      | Reached skill level 1 in Stealth
  4829 | D:5      | Reached skill level 5 in Shields
  4930 | D:5      | Gained mutation: Your body sometimes deteriorates upon
                  | taking damage. [hidden defects]
  5000 | D:5      | Reached skill level 9 in Axes
  5678 | D:7      | Gained mutation: Your body often deteriorates upon taking
                  | damage. [hidden defects]
  5678 | D:7      | Lost mutation: You have hidden genetic defects. [hidden
                  | defects expressed]
  5821 | D:7      | Noticed a yak
  5822 | D:7      | Noticed a yak
  5824 | D:7      | Noticed a yak
  5826 | D:7      | Noticed a yak
  5831 | D:7      | Killed a yak
  5832 | D:7      | Killed a yak
  5833 | D:7      | Reached XP level 9. HP: 59/75 MP: 9/9
  5836 | D:7      | Reached skill level 10 in Axes
  6063 | D:7      | Found an opulent altar of Gozag.
  6116 | D:7      | Became a worshipper of Gozag Ym Sagoz the Greedy
  6794 | D:8      | Reached skill level 11 in Axes
  6855 | D:8      | Found Nootizow's Antique Weapon Shop.
  7082 | D:8      | Reached XP level 10. HP: 78/86 MP: 10/10
  7355 | D:8      | Found Nohilor's Jewellery Shop.
  7551 | D:8      | Reached skill level 12 in Axes
  7878 | D:8      | HP: 1/86 [polar bear (10)]
  7878 | D:8      | Slain by a polar bear

Illustrated notes

Levels and vault maps discovered:
D:1:      shiori_arrival_maze, layout_basic
D:2:      layout_basic, uniq_robin
D:3:      layout_rooms, grunt_temple_overflow_lords_of_destruction,
          kennysheep_vampire_church, tso_oasis_becter, minmay_tree_intersection,
          kennysheep_donut
D:4:      layout_loops_ring, mainiacjoe_overflow_alcove_4,
          nicolae_overflow_quartered_altars, minmay_temple_entry_slanted,
          serial_shops, nicolae_shop_back_alley_shop,
          nicolae_shop_real_fake_doors, shop, shop, minivault_1
D:5:      kb_forest_paths, layout_basic
D:6:      layout_basic, uniq_blork_the_orc
D:7:      layout_gridville, mainiacjoe_overflow_concentric_impassable
D:8:      nicolae_cairo_tiling, layout_loops_corners, serial_shops, shop, shop,
          serial_ice, serial_ice_b, serial_ice_e, serial_ice_c, serial_ice_g,
          serial_ice_j, serial_ice_m, serial_ice_a, serial_ice_f, serial_ice_o,
          serial_ice_n, minmay_misc_feat_more_columns, grunt_ministairs_8

Skill      XL: |  1  2  3  4  5  6  7  8  9 10 |
---------------+-------------------------------+-----
Axes           | 3 4 5 6 7 9 11 12 | 12.3
Armour         | 4 5 6 7 8 |  8.2
Fighting       | 4 5 6 7 |  7.4
Dodging        | 1 2 3 |  3.2
Shields        | 4 5 6 |  6.0
Stealth        | 1 2 3 |  3.0
Throwing       | |  0.2

Action                     |  1- 3 |  4- 6 |  7- 9 | 10-12 || total
---------------------------+-------+-------+-------+-------++-------
  Melee: War axe           |    83 |   140 |   217 |   125 ||   565
  Throw: Boomerang         |       |     2 |       |       ||     2
    Use: Scroll            |     2 |     5 |     7 |       ||    14
         Potion            |       |       |     5 |     1 ||     6
   Stab: Distracted        |       |       |     3 |     1 ||     4
 Armour: Scale mail        |    64 |   100 |    30 |       ||   194
         Chain mail        |       |       |    82 |    65 ||   147
  Dodge: Dodged            |    68 |   113 |    70 |    56 ||   307
  Block: Buckler           |    30 |    46 |    55 |    40 ||   171
